 Dungeon Crawl Stone Soup version 0.20-a0-222-gb69ddcd (webtiles) character file.

59 patrickswayze the Sneak (level 3, 0/24 HPs)
             Began as a Deep Elf Chaos Knight on Nov 30, 2016.
             Slain by a goblin
             ... wielding a +0 dagger
             ... led by Robin
              (3 damage)
             ... on level 2 of the Dungeon.
             The game lasted 00:02:20 (1183 turns).

patrickswayze the Sneak (Deep Elf Chaos Knight)     Turns: 1183, Time: 00:02:21

Health: 0/24       AC:  5    Str:  9    XL:     3   Next: 78%
Magic:  5/5        EV: 12    Int: 14    God:    Xom [...*..]
Gold:   47         SH:  0    Dex: 15    Spells: 2/2 levels left

rFire  . . .     SeeInvis +     a - +0 short sword (chaos)
rCold  . . .     Gourm    .     b - +2 leather armour
rNeg   . . .     Faith    .     (no shield)
rPois  .         Spirit   .     (no helmet)
rElec  .         Reflect  .     (no cloak)
rCorr  .         Harm     .     (no gloves)
MR     .....                    (no boots)
Stlth  +++.......               m - amulet of inaccuracy (curse)
                                (no ring)
                                (no ring)

@: very slightly contaminated
A: see invisible, dopey 1, robust 1
a: Renounce Religion


You were on level 2 of the Dungeon.
You worshipped Xom.
You were a favourite toy of Xom.
You were not hungry.

You visited 1 branch of the dungeon, and saw 2 of its levels.

You collected 47 gold pieces.


Innate Abilities, Weirdness & Mutations

You have supernaturally acute eyesight. (SInv)
You are dopey. (Int -2)
You are robust. (+10% HP)


   Skills:
 - Level 2.4 Fighting
 - Level 3.0 Short Blades
 - Level 0.7 Armour
 - Level 2.4 Dodging
 + Level 4.6 Stealth


You had 2 spell levels left.
You didn't know any spells.

Inventory:

Hand Weapons
 a - a +0 short sword of chaos (weapon)
Missiles
 d - 49 stones (quivered)
Armour
 b - a +2 leather armour (worn)
 f - a +0 buckler
Jewellery
 m - a cursed amulet of inaccuracy (around neck)
Comestibles
 c - a bread ration


Message History

* * * LOW HITPOINT WARNING * * *
You completely miss the goblin. The goblin barely misses you.
It was a potion of mutation.
You feel extremely strange.
You feel stupid.
You feel robust.
Your vision sharpens.
Xom roars with laughter!
The goblin hits you.
* * * LOW HITPOINT WARNING * * *
You are now a favourite toy of Xom.
All of the chunks of flesh in your inventory have rotted away.
The goblin shouts!
You aren't carrying any spellbooks or scrolls.
Unknown command.
That item cannot be evoked!
Unknown command.
Put on which piece of jewellery? (? for menu, Esc to quit)
Oops, that amulet feels deathly cold.
m - a cursed amulet of inaccuracy (around neck)
You closely miss the goblin. The goblin barely misses you.
The goblin hits you with a dagger.
You die...

.........#.##.## *,,,,,,,,* *,
#.#####g.#.##..# *,*,**,*,*****,
#.# #..#.###.# *{*,**,,,,,,,,,
..# #....# #.# *,*,****,***,,,
### ##g#####.## *,*,,,,,,* **,, #
#...g.#g.# *,******** **,
#####.##.# *,* *, #.##g##*,* *, #
#)##.@#*,* **+ ## #g###g#*,* **,,
.## ### #)# #.#*,#*** **,,, ..##
##.###g# #.##.##.#* **,,,,
...####...##g###.%......****,,,,,
...'........g...........,,,+,,,,,
...####...##>###..#.#...****,,,,,
..## ##.#.#.# #....#*,.* **,,,,
.## ##.#..# #.......,* **,,,


You could see 3 goblins.

Vanquished Creatures
  Robin (D:2)
  An adder (D:2)
  A leopard gecko (D:1)
  4 bats
  A giant cockroach (D:2)
  8 goblins
  7 hobgoblins
  A quokka (D:2)
  A ball python (D:2)
  A frilled lizard (D:1)
  2 kobolds (D:1)
  9 rats
37 creatures vanquished.

Notes
Turn   | Place    | Note
-------+----------+-------------------------------------------
     0 | D:1      | patrickswayze the Deep Elf Chaos Knight began the quest for the Orb.
     0 | D:1      | Reached XP level 1. HP: 13/13 MP: 3/3
    81 | D:1      | Reached skill level 1 in Stealth
   117 | D:1      | Reached skill level 2 in Stealth
   373 | D:1      | Reached XP level 2. HP: 18/18 MP: 4/4
   395 | D:1      | XOM: divination: detect creatures
   648 | D:2      | Noticed Robin
   651 | D:1      | Reached skill level 3 in Stealth
   718 | D:2      | XOM: divination: magic mapping
   741 | D:2      | Reached XP level 3. HP: 19/22 MP: 5/5
   752 | D:2      | XOM: smoke on damage
   954 | D:2      | XOM: harmless Fire miscast
   980 | D:2      | Reached skill level 4 in Stealth
  1063 | D:2      | XOM: blink monster(s)
  1072 | D:2      | XOM: divination: detect items
  1080 | D:2      | XOM: potion effect (haste)
  1130 | D:2      | Killed Robin
  1148 | D:2      | HP: 3/22 [goblin[Robin] (4)]
  1149 | D:2      | HP: 1/22 [goblin[Robin] (2)]
  1151 | D:2      | Gained mutation: You are dopey. (Int -2) [potion of mutation]
  1151 | D:2      | Gained mutation: You are robust. (+10% HP) [potion of mutation]
  1151 | D:2      | Gained mutation: You have supernaturally acute eyesight. (SInv) [potion of mutation]
  1183 | D:2      | Slain by a goblin

Vault maps used:
D:1:      grunt_arrival_lava_bath, hex_medium
D:2:      okawaru_metal_pillars_1_2, uniq_robin

Action                   || total
-------------------------++-------
Melee: Short sword       ||   125
  Use: Scroll            ||     4
       Potion            ||     3
 Stab: Sleeping          ||     5
  Eat: Chunk             ||     1
Armor: Leather armour    ||    71
Dodge: Dodged            ||    90
